Flyers vs Senateurs

Created - 17 novembre 2015 at 00:11

Goals
1 2 3 OT1 T
Flyers 1 2 1 0 4
Senateurs 0 0 4 1 5
Shots
1 2 3 OT1 T
Flyers 16 14 6 0 36
Senateurs 7 7 7 1 22

1st period

1. Flyers , Patrick Marleau 8 (Kyle Wellwood, Stephane Robidas) at 8:40

Penalties :
Jean-Pierre Dumont (Ott) for Hooking (Minor) at 4:02, Stephane Robidas (Phi) for Interference (Minor) at 10:27, Ales Kotalik (Ott) for Cross-checking (Minor) at 19:08

2nd period

2. Flyers , Stephane Robidas 4 (Kyle Wellwood, Patrick Marleau) at 0:07 (PP)
3. Flyers , Blake Wheeler 7 (Patrick Marleau, Martin St. Louis) at 18:58

Penalties :
Dan Hamhuis (Ott) for Hooking (Minor) at 0:28, Gilbert Brule (Ott) for Interference (Minor) at 5:27

3rd period

4. Senateurs , Andrew Ebbett 1 (Dan Hamhuis) at 9:40
5. Senateurs , Andy Hilbert 4 (Andy McDonald) at 13:48 (SH)
6. Senateurs , Gilbert Brule 14 (Brenden Morrow) at 15:22 (PP)
7. Senateurs , Todd Bertuzzi 5 (Vitaly Vishnevsky) at 16:14
8. Flyers , Michael Ryder 2 (Mike York, Jeff Woywitka) at 17:51

Penalties :
Blake Wheeler (Phi) for Holding (Minor) at 7:26, Todd Bertuzzi (Ott) for Roughing (Minor) at 12:03, Stephane Robidas (Phi) for Cross-checking (Minor) at 15:12

Overtime #1

9. Senateurs , Darcy Hordichuk 11 (Daymond Langkow) at 1:00

Penalties :
No Penalty

Goalie Stats

Cory Schneider (Phi), 17 saves from 22 shots - (0,773), OTL, 4-2-1, 61:00 minutes
Ondrej Pavelec (Ott), 32 saves from 36 shots - (0,889), W, 13-2-1, 61:00 minutes

Players Stats for Flyers

Player Name              G  A  P  +/- PIM S  H  SB GA TA FO     MP     PP MP  PK MP  
------------------------------------------------------------------------------------
Alexandre Picard         0  0  0   0  0   0  0  0  0  1  0/0    13:18   0:25   0:49 
Blake Wheeler            1  0  1   1  2   2  4  0  0  1  0/0    20:04   4:40   0:32 
Dany Heatley             0  0  0   0  0   3  1  0  0  0  0/1    19:25   3:09   2:38 
Jeff Carter              0  0  0  -1  0   3  1  1  0  0  5/9    17:53   3:09   0:27 
Jeff O'Neill             0  0  0  -1  0   0  1  0  0  0  1/1    10:14   1:06   0:00 
Jeff Woywitka            0  1  1   1  0   1  3  1  0  0  0/0    24:42   4:25   2:52 
Jonathan Ericsson        0  0  0  -2  0   2  1  2  0  0  0/0    26:42   4:40   2:04 
Kyle Wellwood            0  2  2   1  0   5  0  0  0  1  15/34  20:35   4:40   1:03 
Martin St. Louis         0  1  1  -2  0   1  3  0  1  0  0/0    17:43   3:28   0:00 
Matt Smaby               0  0  0   0  0   4  1  1  3  0  0/0    22:09   4:05   1:16 
Matthew Lombardi         0  0  0   0  0   1  1  0  0  0  5/11   11:56   0:00   2:38 
Michael Ryder            1  0  1   0  0   1  0  0  0  0  0/0     9:55   0:47   0:00 
Michel Ouellet           0  0  0   0  0   4  1  1  0  0  0/0     9:18   0:00   0:00 
Mike York                0  1  1  -1  0   1  2  0  0  1  0/0    11:26   1:06   0:50 
Patrick Marleau          1  2  3   1  0   5  2  0  4  1  1/1    19:57   4:40   0:08 
Robyn Regehr             0  0  0   1  0   0  0  1  0  0  0/0    12:04   0:00   0:00 
Rostislav Olesz          0  0  0   0  0   0  0  0  0  0  0/0     9:18   0:00   0:00 
Stephane Robidas         1  1  2  -2  4   3  1  1  1  0  0/0    23:10   4:15   1:15 

Players Stats for Senateurs

Player Name              G  A  P  +/- PIM S  H  SB GA TA FO     MP     PP MP  PK MP  
------------------------------------------------------------------------------------
Ales Kotalik             0  0  0   0  2   2  1  0  0  0  0/0     6:40   0:00   0:00 
Andrew Ebbett            1  0  1   0  0   1  0  0  0  0  1/1     7:31   0:00   0:50 
Andy Hilbert             1  0  1   1  0   2  1  0  0  0  0/0     8:16   0:00   1:02 
Andy McDonald            0  1  1   1  0   1  0  0  0  0  1/1    11:11   0:09   0:47 
B.J. Crombeen            0  0  0   0  0   2  2  0  0  0  0/0    10:24   0:09   0:00 
Brandon Dubinsky         0  0  0   0  0   1  0  1  0  0  4/4    10:38   0:00   0:04 
Brenden Morrow           0  1  1   0  0   0  2  2  0  1  0/1    23:25   2:00   4:54 
Carlo Colaiacovo         0  0  0   1  0   0  0  3  1  3  0/0    20:22   1:11   2:48 
Dan Girardi              0  0  0   0  0   1  1  1  0  0  0/0    13:43   0:00   1:31 
Dan Hamhuis              0  1  1   0  2   0  1  5  1  1  0/0    27:08   2:57   4:36 
Darcy Hordichuk          1  0  1   0  0   2  1  1  1  1  0/1    18:42   1:59   2:42 
Daymond Langkow          0  1  1   0  0   2  3  0  1  1  10/15  18:42   1:59   2:42 
Gilbert Brule            1  0  1   0  2   3  1  2  1  0  13/32  23:58   2:09   4:49 
Jean-Pierre Dumont       0  0  0   0  2   1  1  3  0  0  1/2    17:41   2:00   0:00 
Kurtis Foster            0  0  0   0  0   1  3  1  0  1  0/0    28:42   2:57   5:45 
Todd Bertuzzi            1  0  1  -1  2   3  1  0  0  0  0/0    15:39   1:59   0:00 
Vitaly Vishnevsky        0  1  1   1  0   0  3  3  0  0  0/0    20:22   1:11   2:48 
Vladimir Mihalik         0  0  0   0  0   0  1  1  0  1  0/0    11:56   0:00   0:22 

3 Stars

1 - Patrick Marleau (Phi)
2 - Andy Hilbert (Ott)
3 - Blake Wheeler (Phi)

Power Play

Flyers - 1 on 5 Attempt(s) - 20,00%
Senateurs - 1 on 3 Attempt(s) - 33,33%

Penalty Kill

Flyers - 2 on 3 Attempt(s) - 66,67% - Score 0 goal in Penalty Kill
Senateurs - 4 on 5 Attempt(s) - 80,00% - Score 1 goal in Penalty Kill

Team Stat

Flyers - Hits : 22 - Faceoff Wins : 27 - Blocked Shots : 8 - Penalty Minutes : 6
Senateurs - Hits : 22 - Faceoff Wins : 30 - Blocked Shots : 23 - Penalty Minutes : 10

Official

Referees : LaRue Dennis and Sutherland Kelly
Linesman : Michel Cormier and Andy McElman

Game Notes

No Game Note

Finance

Level 1 -- Attendance: 5544 (92,40%) -- Ticket Income 454 608 $
Level 2 -- Attendance: 4898 (97,96%) -- Ticket Income 230 206 $
Level 3 -- Attendance: 1969 (98,45%) -- Ticket Income 63 008 $
Level 4 -- Attendance: 3809 (95,23%) -- Ticket Income 64 753 $
Luxury Box -- Attendance: 913 (91,30%) -- Ticket Income 141 515 $
Game was played at the Place Banque Scotia'
Total Attendance: 17133 (95,18%)
Total Ticket Income: 954 090 $
Other Income: 143 114 $
Total Income: 1 097 204 $

Flyers

5 vs 5 Forward 
   Center                   Left Wing                Right Wing               Time % Phy DF OF 
 1 Kyle Wellwood            Patrick Marleau          Blake Wheeler            40     1   0  4  
 2 Jeff Carter              Dany Heatley             Martin St. Louis         30     0   0  5  
 3 Matthew Lombardi         Rostislav Olesz          Michel Ouellet           15     0   3  2  
 4 Jeff O'Neill             Mike York                Michael Ryder            15     0   5  0  

5 vs 5 Defense 
   Defense                  Defense                                           Time % Phy DF OF 
 1 Stephane Robidas         Jonathan Ericsson                                 40     1   2  2  
 2 Jeff Woywitka            Matt Smaby                                        40     1   2  2  
 3 Alexandre Picard         Robyn Regehr                                      15     1   4  0  
 4 Jonathan Ericsson        Jeff Woywitka                                     5      1   2  2  

PowerPlay Forward 
   Center                   Left Wing                Right Wing               Time % Phy DF OF 
 1 Jeff Carter              Dany Heatley             Martin St. Louis         50     1   2  2  
 2 Kyle Wellwood            Patrick Marleau          Blake Wheeler            50     1   2  2  

PowerPlay Defense
   Defense                  Defense                                           Time % Phy DF OF 
 1 Jonathan Ericsson        Jeff Woywitka                                     50     1   2  2  
 2 Stephane Robidas         Matt Smaby                                        50     1   2  2  

Penalty Kill 4 Players Forward 
   Center                   Wing                     Time % Phy DF OF 
 1 Matthew Lombardi         Dany Heatley             60     0   5  0  
 2 Kyle Wellwood            Blake Wheeler            40     0   5  0  

Penalty Kill 4 Players Defense
   Defense                  Defense                  Time % Phy DF OF 
 1 Jeff Woywitka            Stephane Robidas         60     0   5  0  
 2 Jonathan Ericsson        Matt Smaby               40     0   5  0  

Penalty Kill - 3 Players Forward 
   Forward                                           Time % Phy DF OF 
 1 Matthew Lombardi                                  60     0   5  0  
 2 Kyle Wellwood                                     40     0   5  0  

Penalty Kill - 3 Players Defense
   Defense                  Defense                  Time % Phy DF OF 
 1 Jonathan Ericsson        Stephane Robidas         60     0   5  0  
 2 Matt Smaby               Jeff Woywitka            40     0   5  0  

4 vs 4 Forward 
   Center                   Wing                     Time % Phy DF OF 
 1 Jeff Carter              Martin St. Louis         50     1   2  2  
 2 Kyle Wellwood            Patrick Marleau          50     1   2  2  

4 vs 4 Defense
   Defense                  Defense                  Time % Phy DF OF 
 1 Jonathan Ericsson        Jeff Woywitka            50     1   2  2  
 2 Matt Smaby               Stephane Robidas         50     1   2  2  

Last Minutes Offensive
   Center                   Left Wing                Right Wing               Defense                  Defense                  
   Jeff Carter              Patrick Marleau          Martin St. Louis         Jonathan Ericsson        Jeff Woywitka            

Last Minutes Defensive
   Center                   Left Wing                Right Wing               Defense                  Defense                  
   Matthew Lombardi         Dany Heatley             Blake Wheeler            Jeff Woywitka            Jonathan Ericsson        

Goaltenders
Starting : Cory Schneider           
Backup : Robin Lehner             

Extra Forwards
Normal : Jeff Carter, Martin St. Louis, Patrick Marleau - PP : Jeff Carter, Martin St. Louis - PK : Matthew Lombardi
Extra Defensemen
Normal : Stephane Robidas, Jeff Woywitka, Jonathan Ericsson - PP : Stephane Robidas - PK : Jeff Woywitka, Jonathan Ericsson
Penalty Shots
Patrick Marleau, Dany Heatley, Jeff Carter, Blake Wheeler, Kyle Wellwood

Senateurs

5 vs 5 Forward 
   Center                   Left Wing                Right Wing               Time % Phy DF OF 
 1 Gilbert Brule            Brenden Morrow           Jean-Pierre Dumont       38     0   2  3  
 2 Daymond Langkow          Darcy Hordichuk          Todd Bertuzzi            31     0   2  3  
 3 Brandon Dubinsky         Andy McDonald            B.J. Crombeen            21     1   2  2  
 4 Andrew Ebbett            Andy Hilbert             Ales Kotalik             10     1   2  2  

5 vs 5 Defense 
   Defense                  Defense                                           Time % Phy DF OF 
 1 Dan Hamhuis              Kurtis Foster                                     40     1   2  2  
 2 Vitaly Vishnevsky        Carlo Colaiacovo                                  30     1   2  2  
 3 Vladimir Mihalik         Dan Girardi                                       20     1   2  2  
 4 Dan Hamhuis              Kurtis Foster                                     10     1   2  2  

PowerPlay Forward 
   Center                   Left Wing                Right Wing               Time % Phy DF OF 
 1 Gilbert Brule            Brenden Morrow           Jean-Pierre Dumont       60     0   2  3  
 2 Daymond Langkow          Darcy Hordichuk          Todd Bertuzzi            40     0   2  3  

PowerPlay Defense
   Defense                  Defense                                           Time % Phy DF OF 
 1 Dan Hamhuis              Kurtis Foster                                     60     1   2  2  
 2 Vitaly Vishnevsky        Carlo Colaiacovo                                  40     1   2  2  

Penalty Kill 4 Players Forward 
   Center                   Wing                     Time % Phy DF OF 
 1 Gilbert Brule            Brenden Morrow           60     0   3  2  
 2 Daymond Langkow          Darcy Hordichuk          40     0   3  2  

Penalty Kill 4 Players Defense
   Defense                  Defense                  Time % Phy DF OF 
 1 Dan Hamhuis              Kurtis Foster            60     1   2  2  
 2 Vitaly Vishnevsky        Carlo Colaiacovo         40     1   2  2  

Penalty Kill - 3 Players Forward 
   Forward                                           Time % Phy DF OF 
 1 Brenden Morrow                                    60     1   2  2  
 2 Gilbert Brule                                     40     1   2  2  

Penalty Kill - 3 Players Defense
   Defense                  Defense                  Time % Phy DF OF 
 1 Dan Hamhuis              Kurtis Foster            60     1   2  2  
 2 Vitaly Vishnevsky        Carlo Colaiacovo         40     1   2  2  

4 vs 4 Forward 
   Center                   Wing                     Time % Phy DF OF 
 1 Brenden Morrow           Gilbert Brule            60     1   2  2  
 2 Darcy Hordichuk          Daymond Langkow          40     1   2  2  

4 vs 4 Defense
   Defense                  Defense                  Time % Phy DF OF 
 1 Dan Hamhuis              Kurtis Foster            60     1   2  2  
 2 Vitaly Vishnevsky        Carlo Colaiacovo         40     1   2  2  

Last Minutes Offensive
   Center                   Left Wing                Right Wing               Defense                  Defense                  
   Gilbert Brule            Brenden Morrow           Jean-Pierre Dumont       Dan Hamhuis              Kurtis Foster            

Last Minutes Defensive
   Center                   Left Wing                Right Wing               Defense                  Defense                  
   Gilbert Brule            Brenden Morrow           Jean-Pierre Dumont       Dan Hamhuis              Kurtis Foster            

Goaltenders
Starting : Ondrej Pavelec           
Backup : Marty Turco              

Extra Forwards
Normal : Andy McDonald, B.J. Crombeen, Andy Hilbert - PP : Andy McDonald, B.J. Crombeen - PK : Andy Hilbert
Extra Defensemen
Normal : Vladimir Mihalik, Dan Girardi, Dan Hamhuis - PP : Vladimir Mihalik - PK : Dan Girardi, Dan Hamhuis
Penalty Shots
Brenden Morrow, Gilbert Brule, Darcy Hordichuk, Daymond Langkow, Jean-Pierre Dumont

% Time on Ice - Flyers

Lines # - Real PCT - Wanted PCT - Time Play
Normal Forward
1 - 31% - 40% - 14:23
2 - 30% - 30% - 14:08
3 - 20% - 15% - 9:18
4 - 19% - 15% - 9:08
Normal Defense
1 - 36% - 40% - 17:02
2 - 35% - 40% - 16:27
3 - 26% - 15% - 12:04
4 - 3% - 5% - 1:24
PP Forward
1 - 39% - 50% - 3:31
2 - 61% - 50% - 5:24
PP Defense
1 - 52% - 50% - 4:40
2 - 48% - 50% - 4:15
PK Forward
1 - 75% - 60% - 3:05
2 - 25% - 40% - 1:03
PK Defense
1 - 69% - 60% - 2:52
2 - 31% - 40% - 1:16
PK3 Forward
1 - 0% - 60%
2 - 0% - 40%
PK3 Defense
1 - 0% - 60%
2 - 0% - 40%
44 Forward
1 - 62% - 50% - 0:37
2 - 38% - 50% - 0:23
44 Defense
1 - 65% - 50% - 0:39
2 - 35% - 50% - 0:21
Last Minute Offensive  - 0:00
Last Minute Defensive  - 0:00
Total
Forward - 61:00
Defense - 61:00

% Time on Ice - Senateurs

Lines # - Real PCT - Wanted PCT - Time Play
Normal Forward
1 - 35% - 38% - 16:18
2 - 30% - 31% - 13:53
3 - 21% - 21% - 10:05
4 - 14% - 10% - 6:41
Normal Defense
1 - 40% - 40% - 18:57
2 - 34% - 30% - 15:57
3 - 24% - 20% - 11:11
4 - 2% - 10% - 0:52
PP Forward
1 - 52% - 60% - 2:09
2 - 48% - 40% - 1:59
PP Defense
1 - 71% - 60% - 2:57
2 - 29% - 40% - 1:11
PK Forward
1 - 70% - 60% - 6:13
2 - 30% - 40% - 2:42
PK Defense
1 - 69% - 60% - 6:07
2 - 31% - 40% - 2:48
PK3 Forward
1 - 0% - 60%
2 - 0% - 40%
PK3 Defense
1 - 0% - 60%
2 - 0% - 40%
44 Forward
1 - 80% - 60% - 0:48
2 - 20% - 40% - 0:12
44 Defense
1 - 57% - 60% - 0:34
2 - 43% - 40% - 0:26
Last Minute Offensive  - 0:00
Last Minute Defensive  - 0:00
Total
Forward - 61:00
Defense - 61:00

Play by Play

1st period


0:01 of 1st period - Patrick Marleau wins face-off versus Gilbert Brule in neutral zone.
0:10 of 1st period - Snap shot by Patrick Marleau.
0:10 of 1st period - Shot Misses the Net.
0:12 of 1st period - Slapshot by Jonathan Ericsson.
0:12 of 1st period - Stopped by Ondrej Pavelec without a rebound.
0:13 of 1st period - Daymond Langkow wins face-off versus Jeff Carter in Senateurs zone.
0:23 of 1st period - Vitaly Vishnevsky is hit by Jeff Woywitka.
1:25 of 1st period - Snap shot by Ales Kotalik.
1:25 of 1st period - Stopped by Cory Schneider with a rebound.
1:27 of 1st period - Slapshot by Andy Hilbert.
1:27 of 1st period - Stopped by Cory Schneider with a rebound.
2:04 of 1st period - Robyn Regehr is hit by B.J. Crombeen and loses puck.
2:27 of 1st period - Jean-Pierre Dumont is hit by Blake Wheeler.
2:33 of 1st period - Snap shot by Kyle Wellwood.
2:33 of 1st period - Shot Blocked by Dan Hamhuis.
3:10 of 1st period - Off-side.
3:11 of 1st period - Jeff Carter wins face-off versus Daymond Langkow in neutral zone.
3:38 of 1st period - Snap shot by Jeff Carter.
3:38 of 1st period - Shot Blocked by Carlo Colaiacovo.
3:40 of 1st period - Slapshot by Matt Smaby.
3:40 of 1st period - Stopped by Ondrej Pavelec without a rebound.
3:41 of 1st period - Kyle Wellwood wins face-off versus Gilbert Brule in Senateurs zone.
4:02 of 1st period - Minor Penalty to Jean-Pierre Dumont for Hooking.
4:03 of 1st period - Gilbert Brule wins face-off versus Dany Heatley in Senateurs zone.
4:03 of 1st period - Gilbert Brule is hit by Martin St. Louis.
4:15 of 1st period - Snap shot by Jeff Carter.
4:15 of 1st period - Shot Misses the Net.
4:17 of 1st period - Slapshot by Jeff Woywitka.
4:17 of 1st period - Deflect By Martin St. Louis.
4:17 of 1st period - Shot Blocked by Dan Hamhuis.
4:17 of 1st period - Puck is out of play.
4:18 of 1st period - Kyle Wellwood wins face-off versus Gilbert Brule in Senateurs zone.
4:25 of 1st period - Snap shot by Kyle Wellwood.
4:25 of 1st period - Stopped by Ondrej Pavelec without a rebound.
4:26 of 1st period - Gilbert Brule wins face-off versus Kyle Wellwood in Senateurs zone.
4:35 of 1st period - Slapshot by Stephane Robidas.
4:35 of 1st period - Shot Blocked by Dan Hamhuis.
4:37 of 1st period - Slapshot by Matt Smaby.
4:37 of 1st period - Deflect By Gilbert Brule.
4:37 of 1st period - Stopped by Ondrej Pavelec with a rebound.
4:39 of 1st period - Snap shot by Blake Wheeler.
4:39 of 1st period - Shot Blocked by Brenden Morrow.
4:41 of 1st period - Wrist shot by Patrick Marleau.
4:41 of 1st period - Shot Misses the Net.
4:53 of 1st period - Snap shot by Darcy Hordichuk.
4:53 of 1st period - Stopped by Cory Schneider without a rebound.
4:54 of 1st period - Jeff Carter wins face-off versus Daymond Langkow in Flyers zone.
4:54 of 1st period - Jeff Carter is hit by Darcy Hordichuk.
5:14 of 1st period - Snap shot by Daymond Langkow.
5:14 of 1st period - Shot Misses the Net.
5:20 of 1st period - Darcy Hordichuk is hit by Dany Heatley.
5:27 of 1st period - Icing by Jonathan Ericsson.
5:28 of 1st period - Gilbert Brule wins face-off versus Jeff Carter in Flyers zone.
5:29 of 1st period - Slapshot by Brenden Morrow.
5:29 of 1st period - Shot Misses the Net.
5:31 of 1st period - Wrist shot by Gilbert Brule.
5:31 of 1st period - Shot Misses the Net.
6:02 of 1st period - Penalty to Jean-Pierre Dumont is over, Jean-Pierre Dumont is back on ice.
6:03 of 1st period - Wrist shot by Kyle Wellwood.
6:03 of 1st period - Shot Blocked by Vitaly Vishnevsky.
6:15 of 1st period - Vitaly Vishnevsky is hit by Michel Ouellet and loses puck.
6:40 of 1st period - Snap shot by Andy Hilbert.
6:40 of 1st period - Shot Misses the Net.
6:54 of 1st period - Snap shot by Gilbert Brule.
6:54 of 1st period - Stopped by Cory Schneider without a rebound.
6:55 of 1st period - Gilbert Brule wins face-off versus Kyle Wellwood in Flyers zone.
7:08 of 1st period - Slapshot by Patrick Marleau.
7:08 of 1st period - Shot Blocked by Jean-Pierre Dumont.
7:53 of 1st period - Matt Smaby is hit by B.J. Crombeen and loses puck.
8:14 of 1st period - Jonathan Ericsson is hit by Dan Girardi and loses puck.
8:31 of 1st period - Carlo Colaiacovo is hit by Patrick Marleau and loses puck.
8:36 of 1st period - Snap shot by Kyle Wellwood.
8:36 of 1st period - Shot Blocked by Vitaly Vishnevsky.
8:38 of 1st period - Slapshot by Patrick Marleau.
8:38 of 1st period - Shot Blocked by Carlo Colaiacovo.
8:40 of 1st period - Slapshot by Patrick Marleau.
8:40 of 1st period - Goal by Patrick Marleau - Flyers : 1 - Senateurs : 0.
8:41 of 1st period - Kyle Wellwood wins face-off versus Gilbert Brule in neutral zone.
9:15 of 1st period - Darcy Hordichuk is hit by Jeff Carter.
9:56 of 1st period - Slapshot by Michel Ouellet.
9:56 of 1st period - Stopped by Ondrej Pavelec with a rebound.
9:58 of 1st period - Snap shot by Jeff Woywitka.
9:58 of 1st period - Stopped by Ondrej Pavelec with a rebound.
10:00 of 1st period - Snap shot by Matthew Lombardi.
10:00 of 1st period - Shot Blocked by Gilbert Brule.
10:02 of 1st period - Wrist shot by Matthew Lombardi.
10:02 of 1st period - Stopped by Ondrej Pavelec without a rebound.
10:03 of 1st period - Kyle Wellwood wins face-off versus Daymond Langkow in Senateurs zone.
10:12 of 1st period - Snap shot by Daymond Langkow.
10:12 of 1st period - Deflect By Todd Bertuzzi.
10:12 of 1st period - Stopped by Cory Schneider without a rebound.
10:13 of 1st period - Daymond Langkow wins face-off versus Kyle Wellwood in Flyers zone.
10:14 of 1st period - Snap shot by Todd Bertuzzi.
10:14 of 1st period - Shot Misses the Net.
10:16 of 1st period - Backhand shot by Todd Bertuzzi.
10:16 of 1st period - Shot Misses the Net.
10:27 of 1st period - Minor Penalty to Stephane Robidas for Interference.
10:28 of 1st period - Gilbert Brule wins face-off versus Matthew Lombardi in Flyers zone.
10:34 of 1st period - Snap shot by Jean-Pierre Dumont.
10:34 of 1st period - Deflect By Gilbert Brule.
10:34 of 1st period - Shot Misses the Net.
10:34 of 1st period - Puck is out of play.
10:35 of 1st period - Jean-Pierre Dumont wins face-off versus Matthew Lombardi in Flyers zone.
11:36 of 1st period - Wrist shot by Todd Bertuzzi.
11:36 of 1st period - Stopped by Cory Schneider with a rebound.
11:52 of 1st period - Slapshot by Daymond Langkow.
11:52 of 1st period - Shot Misses the Net.
11:54 of 1st period - Slapshot by Kurtis Foster.
11:54 of 1st period - Stopped by Cory Schneider without a rebound.
11:55 of 1st period - Matthew Lombardi wins face-off versus Gilbert Brule in Flyers zone.
12:01 of 1st period - Icing by Brenden Morrow.
12:02 of 1st period - Gilbert Brule wins face-off versus Matthew Lombardi in Senateurs zone.
12:27 of 1st period - Penalty to Stephane Robidas is over, Stephane Robidas is back on ice.
13:07 of 1st period - Andrew Ebbett is hit by Blake Wheeler and loses puck.
13:58 of 1st period - Dan Hamhuis is hit by Jeff O'Neill and loses puck.
14:06 of 1st period - Icing by Brenden Morrow.
14:07 of 1st period - Gilbert Brule wins face-off versus Kyle Wellwood in Senateurs zone.
14:31 of 1st period - Dan Hamhuis is hit by Jonathan Ericsson.
14:51 of 1st period - Wrist shot by Jean-Pierre Dumont.
14:51 of 1st period - Shot Blocked by Stephane Robidas.
15:05 of 1st period - Snap shot by Martin St. Louis.
15:05 of 1st period - Shot Blocked by Brenden Morrow.
15:07 of 1st period - Snap shot by Dany Heatley.
15:07 of 1st period - Shot Blocked by Gilbert Brule.
15:09 of 1st period - Wrist shot by Dany Heatley.
15:09 of 1st period - Stopped by Ondrej Pavelec with a rebound.
15:11 of 1st period - Snap shot by Dany Heatley.
15:11 of 1st period - Stopped by Ondrej Pavelec with a rebound.
15:13 of 1st period - Slapshot by Jonathan Ericsson.
15:13 of 1st period - Deflect By Dany Heatley.
15:13 of 1st period - Shot Blocked by Jean-Pierre Dumont.
15:13 of 1st period - Puck is out of play.
15:14 of 1st period - Kyle Wellwood wins face-off versus Daymond Langkow in Senateurs zone.
15:39 of 1st period - Daymond Langkow is hit by Jeff Woywitka and loses puck.
15:52 of 1st period - Matthew Lombardi is hit by Daymond Langkow and loses puck.
17:42 of 1st period - Snap shot by Andrew Ebbett.
17:42 of 1st period - Shot Misses the Net.
18:00 of 1st period - Slapshot by Kyle Wellwood.
18:00 of 1st period - Stopped by Ondrej Pavelec with a rebound.
18:02 of 1st period - Wrist shot by Kyle Wellwood.
18:02 of 1st period - Shot Misses the Net.
18:04 of 1st period - Slapshot by Jonathan Ericsson.
18:04 of 1st period - Stopped by Ondrej Pavelec without a rebound.
18:05 of 1st period - Brandon Dubinsky wins face-off versus Kyle Wellwood in Senateurs zone.
18:36 of 1st period - Snap shot by Jeff Woywitka.
18:36 of 1st period - Shot Misses the Net.
18:38 of 1st period - Snap shot by Dany Heatley.
18:38 of 1st period - Shot Misses the Net.
18:40 of 1st period - Snap shot by Matt Smaby.
18:40 of 1st period - Deflect By Jeff Carter.
18:40 of 1st period - Stopped by Ondrej Pavelec with a rebound.
18:42 of 1st period - Slapshot by Martin St. Louis.
18:42 of 1st period - Stopped by Ondrej Pavelec with a rebound.
19:08 of 1st period - Minor Penalty to Ales Kotalik for Cross-checking.
19:09 of 1st period - Gilbert Brule wins face-off versus Kyle Wellwood in Senateurs zone.
19:20 of 1st period - Snap shot by Kyle Wellwood.
19:20 of 1st period - Shot Blocked by Dan Hamhuis.
19:22 of 1st period - Slapshot by Kyle Wellwood.
19:22 of 1st period - Stopped by Ondrej Pavelec with a rebound.
19:24 of 1st period - Slapshot by Stephane Robidas.
19:24 of 1st period - Stopped by Ondrej Pavelec without a rebound.
19:25 of 1st period - Jeff Carter wins face-off versus Gilbert Brule in Senateurs zone.
Goals for this period are 1 for Flyers vs 0 for Senateurs.
Shots for this period are 16 for Flyers vs 7 for Senateurs.

2nd period


0:01 of 2nd period - Kyle Wellwood wins face-off versus Gilbert Brule in neutral zone.
0:07 of 2nd period - Slapshot by Stephane Robidas.
0:07 of 2nd period - Goal by Stephane Robidas - Flyers : 2 - Senateurs : 0.
0:08 of 2nd period - Gilbert Brule wins face-off versus Kyle Wellwood in neutral zone.
0:28 of 2nd period - Minor Penalty to Dan Hamhuis for Hooking.
0:29 of 2nd period - Kyle Wellwood wins face-off versus Gilbert Brule in Senateurs zone.
0:30 of 2nd period - Slapshot by Matt Smaby.
0:30 of 2nd period - Stopped by Ondrej Pavelec with a rebound.
0:32 of 2nd period - Snap shot by Blake Wheeler.
0:32 of 2nd period - Shot Misses the Net.
0:34 of 2nd period - Slapshot by Blake Wheeler.
0:34 of 2nd period - Shot Misses the Net.
0:36 of 2nd period - Snap shot by Kyle Wellwood.
0:36 of 2nd period - Stopped by Ondrej Pavelec with a rebound.
0:38 of 2nd period - Snap shot by Patrick Marleau.
0:38 of 2nd period - Stopped by Ondrej Pavelec without a rebound.
0:39 of 2nd period - Kyle Wellwood wins face-off versus Gilbert Brule in Senateurs zone.
0:44 of 2nd period - Wrist shot by Patrick Marleau.
0:44 of 2nd period - Stopped by Ondrej Pavelec with a rebound.
0:46 of 2nd period - Snap shot by Patrick Marleau.
0:46 of 2nd period - Stopped by Ondrej Pavelec with a rebound.
0:54 of 2nd period - Snap shot by Patrick Marleau.
0:54 of 2nd period - Stopped by Ondrej Pavelec with a rebound.
1:04 of 2nd period - Snap shot by Blake Wheeler.
1:04 of 2nd period - Stopped by Ondrej Pavelec without a rebound.
1:05 of 2nd period - Jeff Carter wins face-off versus Gilbert Brule in Senateurs zone.
1:16 of 2nd period - Slapshot by Jeff Carter.
1:16 of 2nd period - Stopped by Ondrej Pavelec with a rebound.
1:18 of 2nd period - Snap shot by Martin St. Louis.
1:18 of 2nd period - Shot Blocked by Darcy Hordichuk.
1:20 of 2nd period - Wrist shot by Jonathan Ericsson.
1:20 of 2nd period - Deflect By Jeff Carter.
1:20 of 2nd period - Shot Misses the Net.
1:20 of 2nd period - Puck is out of play.
1:21 of 2nd period - Daymond Langkow wins face-off versus Kyle Wellwood in Senateurs zone.
1:48 of 2nd period - Martin St. Louis is hit by Kurtis Foster and loses puck.
1:57 of 2nd period - Slapshot by Daymond Langkow.
1:57 of 2nd period - Deflect By Darcy Hordichuk.
1:57 of 2nd period - Shot Misses the Net.
1:57 of 2nd period - Puck is out of play.
1:58 of 2nd period - Kyle Wellwood wins face-off versus Gilbert Brule in Flyers zone.
2:11 of 2nd period - Gilbert Brule is hit by Blake Wheeler and loses puck.
2:28 of 2nd period - Penalty to Dan Hamhuis is over, Dan Hamhuis is back on ice.
3:29 of 2nd period - Jeff O'Neill is hit by Ales Kotalik and loses puck.
3:52 of 2nd period - Dany Heatley is hit by Brenden Morrow.
3:53 of 2nd period - Icing by Dany Heatley.
3:54 of 2nd period - Gilbert Brule wins face-off versus Jeff Carter in Flyers zone.
5:12 of 2nd period - Slapshot by Brenden Morrow.
5:12 of 2nd period - Shot Misses the Net.
5:27 of 2nd period - Minor Penalty to Gilbert Brule for Interference.
5:28 of 2nd period - Daymond Langkow wins face-off versus Kyle Wellwood in Senateurs zone.
6:04 of 2nd period - Slapshot by Andy McDonald.
6:04 of 2nd period - Shot Misses the Net.
6:28 of 2nd period - Snap shot by Stephane Robidas.
6:28 of 2nd period - Shot Blocked by Dan Hamhuis.
7:27 of 2nd period - Penalty to Gilbert Brule is over, Gilbert Brule is back on ice.
8:40 of 2nd period - Dany Heatley is hit by Vladimir Mihalik and loses puck.
9:24 of 2nd period - Dan Girardi is hit by Matt Smaby and loses puck.
10:03 of 2nd period - Blake Wheeler is hit by Andy Hilbert and loses puck.
10:35 of 2nd period - Off-side.
10:36 of 2nd period - Brandon Dubinsky wins face-off versus Jeff Carter in neutral zone.
11:07 of 2nd period - Wrist shot by Darcy Hordichuk.
11:07 of 2nd period - Shot Blocked by Matt Smaby.
11:28 of 2nd period - Jean-Pierre Dumont is hit by Jeff Woywitka.
12:41 of 2nd period - Jean-Pierre Dumont is hit by Stephane Robidas and loses puck.
12:48 of 2nd period - Wrist shot by Jean-Pierre Dumont.
12:48 of 2nd period - Stopped by Cory Schneider with a rebound.
12:54 of 2nd period - Dan Girardi is hit by Blake Wheeler and loses puck.
13:07 of 2nd period - Jeff Carter is hit by Daymond Langkow and loses puck.
13:27 of 2nd period - Off-side.
13:28 of 2nd period - Andrew Ebbett wins face-off versus Matthew Lombardi in neutral zone.
13:31 of 2nd period - Slapshot by Vladimir Mihalik.
13:31 of 2nd period - Shot Misses the Net.
13:33 of 2nd period - Wrist shot by Ales Kotalik.
13:33 of 2nd period - Stopped by Cory Schneider with a rebound.
13:35 of 2nd period - Snap shot by Andrew Ebbett.
13:35 of 2nd period - Deflect By Ales Kotalik.
13:35 of 2nd period - Shot Blocked by Michel Ouellet.
13:35 of 2nd period - Puck is out of play.
13:36 of 2nd period - Gilbert Brule wins face-off versus Kyle Wellwood in Flyers zone.
13:47 of 2nd period - Wrist shot by Kyle Wellwood.
13:47 of 2nd period - Shot Misses the Net.
13:49 of 2nd period - Wrist shot by Jonathan Ericsson.
13:49 of 2nd period - Shot Blocked by Dan Girardi.
13:51 of 2nd period - Slapshot by Stephane Robidas.
13:51 of 2nd period - Deflect By Jean-Pierre Dumont.
13:51 of 2nd period - Stopped by Ondrej Pavelec with a rebound.
14:01 of 2nd period - Snap shot by Daymond Langkow.
14:01 of 2nd period - Shot Blocked by Jeff Carter.
14:03 of 2nd period - Slapshot by Todd Bertuzzi.
14:03 of 2nd period - Shot Misses the Net.
14:05 of 2nd period - Slapshot by Vladimir Mihalik.
14:05 of 2nd period - Shot Misses the Net.
14:07 of 2nd period - Slapshot by Dan Girardi.
14:07 of 2nd period - Stopped by Cory Schneider without a rebound.
14:08 of 2nd period - Daymond Langkow wins face-off versus Kyle Wellwood in Flyers zone.
14:13 of 2nd period - Wrist shot by Darcy Hordichuk.
14:13 of 2nd period - Shot Blocked by Jeff Woywitka.
15:52 of 2nd period - Robyn Regehr is hit by Vitaly Vishnevsky and loses puck.
16:59 of 2nd period - Snap shot by Brenden Morrow.
16:59 of 2nd period - Shot Misses the Net.
17:19 of 2nd period - Slapshot by Michel Ouellet.
17:19 of 2nd period - Stopped by Ondrej Pavelec with a rebound.
17:21 of 2nd period - Slapshot by Rostislav Olesz.
17:21 of 2nd period - Shot Blocked by Carlo Colaiacovo.
17:23 of 2nd period - Slapshot by Matt Smaby.
17:23 of 2nd period - Stopped by Ondrej Pavelec with a rebound.
17:41 of 2nd period - Slapshot by Vitaly Vishnevsky.
17:41 of 2nd period - Deflect By Andy McDonald.
17:41 of 2nd period - Shot Misses the Net.
17:41 of 2nd period - Puck is out of play.
17:42 of 2nd period - Kyle Wellwood wins face-off versus Gilbert Brule in Flyers zone.
17:56 of 2nd period - Kyle Wellwood is hit by Jean-Pierre Dumont.
18:40 of 2nd period - Snap shot by Andy McDonald.
18:40 of 2nd period - Stopped by Cory Schneider with a rebound.
18:42 of 2nd period - Wrist shot by Brandon Dubinsky.
18:42 of 2nd period - Stopped by Cory Schneider with a rebound.
18:44 of 2nd period - Slapshot by Dan Girardi.
18:44 of 2nd period - Shot Blocked by Robyn Regehr.
18:58 of 2nd period - Wrist shot by Blake Wheeler.
18:58 of 2nd period - Goal by Blake Wheeler - Flyers : 3 - Senateurs : 0.
18:59 of 2nd period - Kyle Wellwood wins face-off versus Gilbert Brule in neutral zone.
19:12 of 2nd period - Blake Wheeler is hit by Kurtis Foster and loses puck.
19:33 of 2nd period - Snap shot by Mike York.
19:33 of 2nd period - Stopped by Ondrej Pavelec with a rebound.
19:35 of 2nd period - Snap shot by Michael Ryder.
19:35 of 2nd period - Shot Misses the Net.
19:47 of 2nd period - Snap shot by B.J. Crombeen.
19:47 of 2nd period - Stopped by Cory Schneider with a rebound.
19:51 of 2nd period - Snap shot by B.J. Crombeen.
19:51 of 2nd period - Stopped by Cory Schneider with a rebound.
Goals for this period are 2 for Flyers vs 0 for Senateurs.
Shots for this period are 14 for Flyers vs 7 for Senateurs.

3rd period


0:01 of 3rd period - Kyle Wellwood wins face-off versus Gilbert Brule in neutral zone.
0:33 of 3rd period - Snap shot by Andy McDonald.
0:33 of 3rd period - Shot Blocked by Jonathan Ericsson.
0:55 of 3rd period - Darcy Hordichuk is hit by Martin St. Louis and loses puck.
1:41 of 3rd period - Vitaly Vishnevsky is hit by Mike York and loses puck.
2:22 of 3rd period - Matthew Lombardi is hit by Dan Hamhuis and loses puck.
2:43 of 3rd period - Kyle Wellwood is hit by Daymond Langkow and loses puck.
3:20 of 3rd period - Snap shot by Andy McDonald.
3:20 of 3rd period - Shot Misses the Net.
3:38 of 3rd period - Backhand shot by Michel Ouellet.
3:38 of 3rd period - Stopped by Ondrej Pavelec with a rebound.
3:56 of 3rd period - Snap shot by Daymond Langkow.
3:56 of 3rd period - Stopped by Cory Schneider with a rebound.
3:58 of 3rd period - Snap shot by Dan Hamhuis.
3:58 of 3rd period - Shot Misses the Net.
4:00 of 3rd period - Snap shot by Daymond Langkow.
4:00 of 3rd period - Shot Misses the Net.
4:14 of 3rd period - Snap shot by Kyle Wellwood.
4:14 of 3rd period - Shot Blocked by Brandon Dubinsky.
4:38 of 3rd period - Michael Ryder is hit by Gilbert Brule and loses puck.
4:58 of 3rd period - Off-side.
4:59 of 3rd period - Matthew Lombardi wins face-off versus Darcy Hordichuk in neutral zone.
5:08 of 3rd period - Wrist shot by Rostislav Olesz.
5:08 of 3rd period - Shot Blocked by Vladimir Mihalik.
5:10 of 3rd period - Wrist shot by Michel Ouellet.
5:10 of 3rd period - Stopped by Ondrej Pavelec without a rebound.
5:11 of 3rd period - Kyle Wellwood wins face-off versus Gilbert Brule in Senateurs zone.
6:47 of 3rd period - Off-side.
6:48 of 3rd period - Kyle Wellwood wins face-off versus Gilbert Brule in neutral zone.
7:03 of 3rd period - Slapshot by Stephane Robidas.
7:03 of 3rd period - Shot Blocked by Jean-Pierre Dumont.
7:26 of 3rd period - Minor Penalty to Blake Wheeler for Holding.
7:27 of 3rd period - Daymond Langkow wins face-off versus Matthew Lombardi in Flyers zone.
7:29 of 3rd period - Slapshot by Darcy Hordichuk.
7:29 of 3rd period - Deflect By Daymond Langkow.
7:29 of 3rd period - Shot Misses the Net.
7:29 of 3rd period - Puck is out of play.
7:30 of 3rd period - Matthew Lombardi wins face-off versus Daymond Langkow in Flyers zone.
7:43 of 3rd period - Snap shot by Daymond Langkow.
7:43 of 3rd period - Stopped by Cory Schneider with a rebound.
9:26 of 3rd period - Penalty to Blake Wheeler is over, Blake Wheeler is back on ice.
9:40 of 3rd period - Snap shot by Andrew Ebbett.
9:40 of 3rd period - Goal by Andrew Ebbett - Flyers : 3 - Senateurs : 1.
9:41 of 3rd period - Daymond Langkow wins face-off versus Kyle Wellwood in neutral zone.
10:06 of 3rd period - Wrist shot by Mike York.
10:06 of 3rd period - Shot Blocked by Vitaly Vishnevsky.
10:08 of 3rd period - Wrist shot by Michael Ryder.
10:08 of 3rd period - Shot Misses the Net.
10:10 of 3rd period - Slapshot by Jonathan Ericsson.
10:10 of 3rd period - Deflect By Jeff O'Neill.
10:10 of 3rd period - Shot Misses the Net.
10:10 of 3rd period - Puck is out of play.
10:11 of 3rd period - Jeff O'Neill wins face-off versus Jean-Pierre Dumont in Senateurs zone.
11:02 of 3rd period - Snap shot by Darcy Hordichuk.
11:02 of 3rd period - Shot Misses the Net.
11:14 of 3rd period - Ales Kotalik is hit by Martin St. Louis and loses puck.
11:48 of 3rd period - Slapshot by Jeff Carter.
11:48 of 3rd period - Deflect By Dany Heatley.
11:48 of 3rd period - Stopped by Ondrej Pavelec with a rebound.
11:50 of 3rd period - Wrist shot by Jeff Carter.
11:50 of 3rd period - Shot Misses the Net.
12:00 of 3rd period - Wrist shot by Jeff Carter.
12:00 of 3rd period - Stopped by Ondrej Pavelec without a rebound.
12:01 of 3rd period - Daymond Langkow wins face-off versus Kyle Wellwood in Senateurs zone.
12:03 of 3rd period - Minor Penalty to Todd Bertuzzi for Roughing.
12:04 of 3rd period - Kyle Wellwood wins face-off versus Gilbert Brule in Senateurs zone.
12:18 of 3rd period - Wrist shot by Patrick Marleau.
12:18 of 3rd period - Shot Hit the Post.
12:20 of 3rd period - Snap shot by Patrick Marleau.
12:20 of 3rd period - Shot Blocked by Kurtis Foster.
13:33 of 3rd period - Stephane Robidas is hit by Vitaly Vishnevsky.
13:48 of 3rd period - Slapshot by Andy Hilbert.
13:48 of 3rd period - Goal by Andy Hilbert - Flyers : 3 - Senateurs : 2.
13:49 of 3rd period - Gilbert Brule wins face-off versus Kyle Wellwood in neutral zone.
14:02 of 3rd period - Wrist shot by Stephane Robidas.
14:02 of 3rd period - Deflect By Patrick Marleau.
14:02 of 3rd period - Shot Misses the Net.
14:02 of 3rd period - Puck is out of play.
14:03 of 3rd period - Penalty to Todd Bertuzzi is over, Todd Bertuzzi is back on ice.
14:03 of 3rd period - Daymond Langkow wins face-off versus Kyle Wellwood in Senateurs zone.
14:03 of 3rd period - Daymond Langkow is hit by Patrick Marleau.
14:09 of 3rd period - Snap shot by Kyle Wellwood.
14:09 of 3rd period - Stopped by Ondrej Pavelec without a rebound.
14:10 of 3rd period - Daymond Langkow wins face-off versus Kyle Wellwood in Senateurs zone.
14:38 of 3rd period - Slapshot by Jean-Pierre Dumont.
14:38 of 3rd period - Shot Misses the Net.
14:46 of 3rd period - Martin St. Louis is hit by Brenden Morrow and loses puck.
15:12 of 3rd period - Minor Penalty to Stephane Robidas for Cross-checking.
15:13 of 3rd period - Gilbert Brule wins face-off versus Matthew Lombardi in Flyers zone.
15:22 of 3rd period - Snap shot by Gilbert Brule.
15:22 of 3rd period - Goal by Gilbert Brule - Flyers : 3 - Senateurs : 3.
15:23 of 3rd period - Brandon Dubinsky wins face-off versus Kyle Wellwood in neutral zone.
16:14 of 3rd period - Snap shot by Todd Bertuzzi.
16:14 of 3rd period - Goal by Todd Bertuzzi - Flyers : 3 - Senateurs : 4.
16:15 of 3rd period - Brandon Dubinsky wins face-off versus Kyle Wellwood in neutral zone.
16:48 of 3rd period - Snap shot by Gilbert Brule.
16:48 of 3rd period - Stopped by Cory Schneider without a rebound.
16:49 of 3rd period - Matthew Lombardi wins face-off versus Gilbert Brule in Flyers zone.
16:53 of 3rd period - Off-side.
16:54 of 3rd period - Matthew Lombardi wins face-off versus Gilbert Brule in neutral zone.
16:57 of 3rd period - Kurtis Foster is hit by Matthew Lombardi and loses puck.
17:42 of 3rd period - Michael Ryder is hit by Todd Bertuzzi and loses puck.
17:51 of 3rd period - Snap shot by Michael Ryder.
17:51 of 3rd period - Goal by Michael Ryder - Flyers : 4 - Senateurs : 4.
17:52 of 3rd period - Andy McDonald wins face-off versus Kyle Wellwood in neutral zone.
18:19 of 3rd period - Brenden Morrow is hit by Mike York.
18:43 of 3rd period - Snap shot by Todd Bertuzzi.
18:43 of 3rd period - Shot Misses the Net.
18:45 of 3rd period - Snap shot by Carlo Colaiacovo.
18:45 of 3rd period - Shot Blocked by Jonathan Ericsson.
18:47 of 3rd period - Slapshot by Carlo Colaiacovo.
18:47 of 3rd period - Shot Misses the Net.
Goals for this period are 1 for Flyers vs 4 for Senateurs.
Shots for this period are 6 for Flyers vs 7 for Senateurs.

Overtime #1


0:01 of 1st overtime period - Jeff Carter wins face-off versus Brenden Morrow in neutral zone.
0:04 of 1st overtime period - Slapshot by Martin St. Louis.
0:04 of 1st overtime period - Shot Misses the Net.
0:14 of 1st overtime period - Jeff Woywitka is hit by Kurtis Foster.
0:55 of 1st overtime period - Jeff Carter is hit by Vitaly Vishnevsky and loses puck.
1:00 of 1st overtime period - Wrist shot by Darcy Hordichuk.
1:00 of 1st overtime period - Goal by Darcy Hordichuk - Flyers : 4 - Senateurs : 5.
Goals for this period are 0 for Flyers vs 1 for Senateurs.
Shots for this period are 0 for Flyers vs 1 for Senateurs.


Output by the SimonT Hockey Simulator (STHS) for François Prévost -- Original Page W3C XHTML 1.0 Valid
Hockey Simulator - Hockey Simulation - Hockey Manager